Workbook
Name ASG: MdO!$E$15
Name ASG_: MdO!$E$15
Name Auxiliar_de_Serviços_Gerais: MdO!$E$15

Sheet PROPOSTA
A1: PLANILHA DE CUSTOS E FORMAÇÃO DE PREÇOS
A3: ANEXO (I)
A4: PROCESSO Nº: 25380.000286/2026-74
A5: PREGÃO ELETRÔNICO:
A6: OBJETO: Contratação de empresa especializada para prestação dos serviços continuados de apoio administrativo e técnico operacional ao desenvolvimento das atividades de competência do Instituto de Comunicação e Informação Científica e Tecnológica em Saúde, sob o regime de dedicação exclusiva de mão de obra.
A11: IDENTIFICAÇÃO
A12: RAZÃO SOCIAL:
A13: CNPJ (MF):
A14: ENDEREÇO: | F14: UF: | G14: CEP:
A15: TELEFONE: | B15: ( )
A16: EMAIL:
A17: DATA:
A19: Indicação do Dissídio ou Convenção Coletiva de Trabalho e Data Base da Categoria:
A23: POSTOS DE TRABALHO | B23: QUANTIDADE | C23: VALOR MENSAL POR POSTO - R$ | E23: VALOR TOTAL MENSAL - R$
A24: =MdO!B149 -> Assistente de Informação e Comunicação | B24: =MdO!D149 -> 27 | C24: =MdO!F149 -> 11424.957 | E24: =+C24*B24 -> 308473.83
A25: =MdO!B150 -> Assistente de Restauração de Livros e Documentos | B25: =MdO!D150 -> 11 | C25: =MdO!F150 -> 11470.697 | E25: =C25*B25 -> 126177.66
A26: =MdO!B151 -> Analista de Informação e Comunicação | B26: =MdO!D151 -> 35 | C26: =MdO!F151 -> 13520.783 | E26: =C26*B26 -> 473227.41
A27: =MdO!B152 -> Analista de Gestão da Informação e Comunicação | B27: =MdO!D152 -> 30 | C27: =MdO!F152 -> 18402.755 | E27: =C27*B27 -> 552082.65
A28: =MdO!B153 -> Analista Técnico-Administrativo de Informação e Comunicação | B28: =MdO!D153 -> 9 | C28: =MdO!F153 -> 19923.708 | E28: =C28*B28 -> 179313.37
A29: =MdO!B154 -> Especialista Técnico-Administrativo de Informação e Comunicação | B29: =MdO!D154 -> 2 | C29: =MdO!F154 -> 26876.636 | E29: =C29*B29 -> 53753.272
A30: Total dos Postos | B30: =SUM(B24:B29) -> 114 | C30: =SUM(C24:D29) -> 101619.54 | E30: =SUM(E24:I29) -> 1693028.2
A32: TOTAL MENSAL DA NECESSIDADE | E32: =E30 -> 1693028.2
A34: TOTAL ANUAL (DOZE MESES) | E34: =E32*12 -> 20316338
A37: Valor total da proposta por extenso:
A39: Nos preços ofertados estão incluídos todos os custos e despesas necessários ao cumprimento do objeto da licitação. O prazo de validade desta Proposta de Preço é de 60 dias corridos, a contar da data de sua apresentação.
A41: Local e Data _____________________________________________ Assinatura e identificação do Responsável ________________________________________________

Sheet MdO
A1: PLANILHA DE CUSTOS E FORMAÇÃO DE PREÇOS
A2: Processo Nº: 25001.016221/2022-34
A3: Data da apresentação da proposta (dia/mês/ano): ___/___/_____
A4: Município/UF:
A5: Ano Acordo,Convenção ou Sentença Normativa em Dissídio Coletivo:
A6: Nº de meses de execução contratual: 12 (Doze meses)
A7: Mão-de-obra vinculada à execução contratual
A8: Identificação do Serviço:
A9: Salário para o cálculo de Periculosidade:
A10: Salário Normativo da Categoria Profissional:
A11: Categoria profissional (vinculada à execução contratual):
A12: Data base da categoria (dia/mês/ano):
A15: DESCRIÇÃO | C15: =A148 -> CARGO | E15: =B149 -> Assistente de Informação e Comunicação | F15: =B150 -> Assistente de Restauração de Livros e Documentos | G15: =B151 -> Analista de Informação e Comunicação | H15: =B152 -> Analista de Gestão da Informação e Comunicação | I15: =B153 -> Analista Técnico-Administrativo de Informação e Comunicação | J15: =B154 -> Especialista Técnico-Administrativo de Informação e Comunicação
C16: CBO | E16: 4110-10 | F16: 7687-10 | G16: 2521-05 | H16: 2521-05 | I16: 2521-05 | J16: 2521-05
C17: =C148 -> SALÁRIO | E17: =C149 -> 4500 | F17: =C150 -> 4500 | G17: =C151 -> 5500 | H17: =C152 -> 7800 | I17: =C153 -> 8500 | J17: =C154 -> 11700
C18: =D148 -> QUANTIDADE DE POSTOS | E18: =D149 -> 27 | F18: =D150 -> 11 | G18: =D151 -> 35 | H18: =D152 -> 30 | I18: =D153 -> 9 | J18: =D154 -> 2
A20: Módulo 1 - Composição da Remuneração
A21: 1 | B21: Composição da Remuneração | D21: Percentual (%) | E21: Valor (R$) | F21: Valor (R$) | G21: Valor (R$) | H21: Valor (R$) | I21: Valor (R$) | J21: Valor (R$)
A22: A | B22: Salário-Base | E22: =+E17 -> 4500 | F22: =+F17 -> 4500 | G22: =+G17 -> 5500 | H22: =+H17 -> 7800 | I22: =+I17 -> 8500 | J22: =+J17 -> 11700
A23: B | B23: Adicional de Insalubridade (Conforme CCT)
A24: C | B24: Adicional Noturno
A25: D | B25: Adicional de Hora Noturna Reduzida
A26: F | B26: Outros (Especificar)
A27: Total | E27: =SUM(E22:E26) -> 4500 | F27: =SUM(F22:F26) -> 4500 | G27: =SUM(G22:G26) -> 5500 | H27: =SUM(H22:H26) -> 7800 | I27: =SUM(I22:I26) -> 8500 | J27: =SUM(J22:J26) -> 11700
A30: Módulo 2 - Encargos e Benefícios Anuais, Mensais e Diários
A32: Submódulo 2.1 - 13º (décimo terceiro) Salário, Férias e Adicional de Férias
A34: 2.1 | B34: 13º (décimo terceiro) Salário, Férias e Adicional de Férias | D34: Percentual (%) | E34: Valor (R$) | F34: Valor (R$) | G34: Valor (R$) | H34: Valor (R$) | I34: Valor (R$) | J34: Valor (R$)
A35: A | B35: 13º (décimo terceiro) Salário | D35: 0.0833 | E35: =+E27*$D$35 -> 374.85 | F35: =+F27*$D$35 -> 374.85 | G35: =+G27*$D$35 -> 458.15 | H35: =+H27*$D$35 -> 649.74 | I35: =+I27*$D$35 -> 708.05 | J35: =+J27*$D$35 -> 974.61
A36: B | B36: Férias e Adicional de Férias | D36: 0.121 | E36: =+E27*$D$36 -> 544.5 | F36: =+F27*$D$36 -> 544.5 | G36: =+G27*$D$36 -> 665.5 | H36: =+H27*$D$36 -> 943.8 | I36: =+I27*$D$36 -> 1028.5 | J36: =+J27*$D$36 -> 1415.7
A37: SubTotal | D37: =D35+D36 -> 0.2043 | E37: =SUM(E35:E36) -> 919.35 | F37: =SUM(F35:F36) -> 919.35 | G37: =SUM(G35:G36) -> 1123.65 | H37: =SUM(H35:H36) -> 1593.54 | I37: =SUM(I35:I36) -> 1736.55 | J37: =SUM(J35:J36) -> 2390.31
A38: C | B38: Incidência do Submódulo 2.2 sobre 13º Salário e Adicional de Férias | D38: =D37*D55 -> 0.0751824 | E38: =E37*D55 -> 338.3208 | F38: =F37*D55 -> 338.3208 | G38: =G37*D55 -> 413.5032 | H38: =H37*D55 -> 586.42272 | I38: =I37*D55 -> 639.0504 | J38: =J37*D55 -> 879.63408
A40: Total | E40: =E37+E38 -> 1257.6708 | F40: =F37+F38 -> 1257.6708 | G40: =G37+G38 -> 1537.1532 | H40: =H37+H38 -> 2179.9627 | I40: =I37+I38 -> 2375.6004 | J40: =J37+J38 -> 3269.9441
A44: Submódulo 2.2 - Encargos Previdenciários (GPS), Fundo de Garantia por Tempo de Serviço (FGTS) e outras contribuições.
A46: 2.2 | B46: GPS, FGTS e outras contribuições | D46: Percentual (%) | E46: Valor (R$) | F46: Valor (R$) | G46: Valor (R$) | H46: Valor (R$) | I46: Valor (R$) | J46: Valor (R$)
A47: A | B47: INSS | D47: 0.2 | E47: =+E27*$D$47 -> 900 | F47: =+F27*$D$47 -> 900 | G47: =+G27*$D$47 -> 1100 | H47: =+H27*$D$47 -> 1560 | I47: =+I27*$D$47 -> 1700 | J47: =+J27*$D$47 -> 2340
A48: B | B48: Salário Educação | D48: 0.025 | E48: =+E27*$D$48 -> 112.5 | F48: =+F27*$D$48 -> 112.5 | G48: =+G27*$D$48 -> 137.5 | H48: =+H27*$D$48 -> 195 | I48: =+I27*$D$48 -> 212.5 | J48: =+J27*$D$48 -> 292.5
A49: C | B49: SAT (RAT x FAP) | D49: 0.03 | E49: =+E27*$D$49 -> 135 | F49: =+F27*$D$49 -> 135 | G49: =+G27*$D$49 -> 165 | H49: =+H27*$D$49 -> 234 | I49: =+I27*$D$49 -> 255 | J49: =+J27*$D$49 -> 351
A50: D | B50: SESC ou SESI | D50: 0.015 | E50: =+E27*$D$50 -> 67.5 | F50: =+F27*$D$50 -> 67.5 | G50: =+G27*$D$50 -> 82.5 | H50: =+H27*$D$50 -> 117 | I50: =+I27*$D$50 -> 127.5 | J50: =+J27*$D$50 -> 175.5
A51: E | B51: SENAI - SENAC | D51: 0.01 | E51: =+E27*$D$51 -> 45 | F51: =+F27*$D$51 -> 45 | G51: =+G27*$D$51 -> 55 | H51: =+H27*$D$51 -> 78 | I51: =+I27*$D$51 -> 85 | J51: =+J27*$D$51 -> 117
A52: F | B52: SEBRAE | D52: 0.006 | E52: =+E27*$D$52 -> 27 | F52: =+F27*$D$52 -> 27 | G52: =+G27*$D$52 -> 33 | H52: =+H27*$D$52 -> 46.8 | I52: =+I27*$D$52 -> 51 | J52: =+J27*$D$52 -> 70.2
A53: G | B53: INCRA | D53: 0.002 | E53: =+E27*$D$53 -> 9 | F53: =+F27*$D$53 -> 9 | G53: =+G27*$D$53 -> 11 | H53: =+H27*$D$53 -> 15.6 | I53: =+I27*$D$53 -> 17 | J53: =+J27*$D$53 -> 23.4
A54: H | B54: FGTS | D54: 0.08 | E54: =+E27*$D$54 -> 360 | F54: =+F27*$D$54 -> 360 | G54: =+G27*$D$54 -> 440 | H54: =+H27*$D$54 -> 624 | I54: =+I27*$D$54 -> 680 | J54: =+J27*$D$54 -> 936
A55: Total | D55: =SUM(D47:D54) -> 0.368 | E55: =SUM(E47:E54) -> 1656 | F55: =SUM(F47:F54) -> 1656 | G55: =SUM(G47:G54) -> 2024 | H55: =SUM(H47:H54) -> 2870.4 | I55: =SUM(I47:I54) -> 3128 | J55: =SUM(J47:J54) -> 4305.6
A58: Submódulo 2.3 - Benefícios Mensais e Diários.
A60: 2.3 | B60: Benefícios Mensais e Diários | E60: Valor (R$) | F60: Valor (R$) | G60: Valor (R$) | H60: Valor (R$) | I60: Valor (R$) | J60: Valor (R$)
A61: A | B61: Vale Transporte | D61: 5 | E61: ='BENEFÍCIOS '!K5 -> 150 | F61: ='BENEFÍCIOS '!K6 -> 150 | G61: ='BENEFÍCIOS '!K7 -> 90 | H61: ='BENEFÍCIOS '!K8 -> 0 | I61: ='BENEFÍCIOS '!K9 -> 0 | J61: ='BENEFÍCIOS '!K10 -> 0
A62: B | B62: Auxílio-Refeição/Alimentação | D62: 35 | E62: ='BENEFÍCIOS '!I18 -> 727.65 | F62: ='BENEFÍCIOS '!I19 -> 727.65 | G62: ='BENEFÍCIOS '!I20 -> 727.65 | H62: ='BENEFÍCIOS '!I21 -> 727.65 | I62: ='BENEFÍCIOS '!I22 -> 727.65 | J62: ='BENEFÍCIOS '!I23 -> 727.65
A63: C | B63: Benefícios Indiretos (cláusula Décima Oitava CCT) | D63: 299.77 | E63: 299.77 | F63: 299.77 | G63: 299.77 | H63: 299.77 | I63: 299.77 | J63: 299.77
A64: D | B64: Reembolso-Creche (Incidência de 20%) | D64: 526.64 | E64: ='BENEFÍCIOS '!G31 -> 105.328 | F64: ='BENEFÍCIOS '!G32 -> 105.328 | G64: ='BENEFÍCIOS '!G33 -> 105.328 | H64: ='BENEFÍCIOS '!G34 -> 105.328 | I64: ='BENEFÍCIOS '!G35 -> 105.328 | J64: ='BENEFÍCIOS '!G36 -> 105.328
A65: Total | E65: =SUM(E61:E64) -> 1282.748 | F65: =SUM(F61:F64) -> 1282.748 | G65: =SUM(G61:G64) -> 1222.748 | H65: =SUM(H61:H64) -> 1132.748 | I65: =SUM(I61:I64) -> 1132.748 | J65: =SUM(J61:J64) -> 1132.748
A67: Quadro-Resumo do Módulo 2 - Encargos e Benefícios anuais, mensais e diários
A69: 2 | B69: Encargos e Benefícios Anuais, Mensais e Diários | E69: Valor (R$) | F69: Valor (R$) | G69: Valor (R$) | H69: Valor (R$) | I69: Valor (R$) | J69: Valor (R$)
A70: 2.1 | B70: 13º (décimo terceiro) Salário, Férias e Adicional de Férias | E70: =E40 -> 1257.6708 | F70: =F40 -> 1257.6708 | G70: =G40 -> 1537.1532 | H70: =H40 -> 2179.9627 | I70: =I40 -> 2375.6004 | J70: =J40 -> 3269.9441
A71: 2.2 | B71: GPS, FGTS e outras contribuições | E71: =+E55 -> 1656 | F71: =+F55 -> 1656 | G71: =+G55 -> 2024 | H71: =+H55 -> 2870.4 | I71: =+I55 -> 3128 | J71: =+J55 -> 4305.6
A72: 2.3 | B72: Benefícios Mensais e Diários | E72: =+E65 -> 1282.748 | F72: =+F65 -> 1282.748 | G72: =+G65 -> 1222.748 | H72: =+H65 -> 1132.748 | I72: =+I65 -> 1132.748 | J72: =+J65 -> 1132.748
A73: Total | E73: =SUM(E70:E72) -> 4196.4188 | F73: =SUM(F70:F72) -> 4196.4188 | G73: =SUM(G70:G72) -> 4783.9012 | H73: =SUM(H70:H72) -> 6183.1107 | I73: =SUM(I70:I72) -> 6636.3484 | J73: =SUM(J70:J72) -> 8708.2921
A76: Módulo 3 - Provisão para Rescisão
A78: 3 | B78: Provisão para Rescisão | D78: Percentual (%) | E78: Valor (R$) | F78: Valor (R$) | G78: Valor (R$) | H78: Valor (R$) | I78: Valor (R$) | J78: Valor (R$)
A79: A | B79: Aviso Prévio Indenizado | D79: 0.0042 | E79: =+E27*$D$79 -> 18.9 | F79: =+F27*$D$79 -> 18.9 | G79: =+G27*$D$79 -> 23.1 | H79: =+H27*$D$79 -> 32.76 | I79: =+I27*$D$79 -> 35.7 | J79: =+J27*$D$79 -> 49.14
A80: B | B80: Incidência do FGTS sobre o Aviso Prévio Indenizado | D80: =+D79*D54 -> 0.000336 | E80: =+E27*$D$80 -> 1.512 | F80: =+F27*$D$80 -> 1.512 | G80: =+G27*$D$80 -> 1.848 | H80: =+H27*$D$80 -> 2.6208 | I80: =+I27*$D$80 -> 2.856 | J80: =+J27*$D$80 -> 3.9312
A81: C | B81: Multa do FGTS e contribuição social sobre o Aviso Prévio Indenizado | D81: =4%*D79 -> 0.000168 | E81: =+E27*$D$81 -> 0.756 | F81: =+F27*$D$81 -> 0.756 | G81: =+G27*$D$81 -> 0.924 | H81: =+H27*$D$81 -> 1.3104 | I81: =+I27*$D$81 -> 1.428 | J81: =+J27*$D$81 -> 1.9656
A82: D | B82: Aviso Prévio Trabalhado | D82: 0.0194 | E82: =+E27*$D$82 -> 87.3 | F82: =+F27*$D$82 -> 87.3 | G82: =+G27*$D$82 -> 106.7 | H82: =+H27*$D$82 -> 151.32 | I82: =+I27*$D$82 -> 164.9 | J82: =+J27*$D$82 -> 226.98
A83: E | B83: Incidência dos encargos do submódulo 2.2 sobre o Aviso Prévio Trabalhado | D83: =+D82*D55 -> 0.0071392 | E83: =+E27*$D$83 -> 32.1264 | F83: =+F27*$D$83 -> 32.1264 | G83: =+G27*$D$83 -> 39.2656 | H83: =+H27*$D$83 -> 55.68576 | I83: =+I27*$D$83 -> 60.6832 | J83: =+J27*$D$83 -> 83.52864
A84: F | B84: Multa do FGTS sobre o Aviso Prévio Trabalhado | D84: =40%*D82 -> 0.00776 | E84: =+E27*$D$84 -> 34.92 | F84: =+F27*$D$84 -> 34.92 | G84: =+G27*$D$84 -> 42.68 | H84: =+H27*$D$84 -> 60.528 | I84: =+I27*$D$84 -> 65.96 | J84: =+J27*$D$84 -> 90.792
A85: Total | D85: =SUM(D79:D84) -> 0.0390032 | E85: =SUM(E79:E84) -> 175.5144 | F85: =SUM(F79:F84) -> 175.5144 | G85: =SUM(G79:G84) -> 214.5176 | H85: =SUM(H79:H84) -> 304.22496 | I85: =SUM(I79:I84) -> 331.5272 | J85: =SUM(J79:J84) -> 456.33744
A88: Módulo 4 - Custo de Reposição do Profissional Ausente
A90: Submódulo 4.1 - Substituto nas Ausências Legais
A92: 4.1 | B92: Substituto nas Ausências Legais | D92: Percentual (%) | E92: Valor (R$) | F92: Valor (R$) | G92: Valor (R$) | H92: Valor (R$) | I92: Valor (R$) | J92: Valor (R$)
A93: A | B93: Substituto na cobertura de Férias | E93: =+E27*$D$93 -> 0 | F93: =+F27*$D$93 -> 0 | G93: =+G27*$D$93 -> 0 | H93: =+H27*$D$93 -> 0 | I93: =+I27*$D$93 -> 0 | J93: =+J27*$D$93 -> 0
A94: B | B94: Substituto na cobertura de Ausências Legais | D94: 0.0028 | E94: =+E27*$D$94 -> 12.6 | F94: =+F27*$D$94 -> 12.6 | G94: =+G27*$D$94 -> 15.4 | H94: =+H27*$D$94 -> 21.84 | I94: =+I27*$D$94 -> 23.8 | J94: =+J27*$D$94 -> 32.76
A95: C | B95: Substituto na cobertura de Licença-Paternidade | D95: 0.0002 | E95: =+E27*$D$95 -> 0.9 | F95: =+F27*$D$95 -> 0.9 | G95: =+G27*$D$95 -> 1.1 | H95: =+H27*$D$95 -> 1.56 | I95: =+I27*$D$95 -> 1.7 | J95: =+J27*$D$95 -> 2.34
A96: D | B96: Substituto na cobertura de Ausência por acidente de trabalho | D96: 0.0042 | E96: =+E27*$D$96 -> 18.9 | F96: =+F27*$D$96 -> 18.9 | G96: =+G27*$D$96 -> 23.1 | H96: =+H27*$D$96 -> 32.76 | I96: =+I27*$D$96 -> 35.7 | J96: =+J27*$D$96 -> 49.14
A97: E | B97: Substituto na cobertura de Afastamento Maternidade | D97: 0.0002 | E97: =+E27*$D$97 -> 0.9 | F97: =+F27*$D$97 -> 0.9 | G97: =+G27*$D$97 -> 1.1 | H97: =+H27*$D$97 -> 1.56 | I97: =+I27*$D$97 -> 1.7 | J97: =+J27*$D$97 -> 2.34
A98: Total | D98: =SUM(D93:D97) -> 0.0074 | E98: =SUM(E93:E97) -> 33.3 | F98: =SUM(F93:F97) -> 33.3 | G98: =SUM(G93:G97) -> 40.7 | H98: =SUM(H93:H97) -> 57.72 | I98: =SUM(I93:I97) -> 62.9 | J98: =SUM(J93:J97) -> 86.58
A101: Submódulo 4.2 - Substituto na Intrajornada
A103: 4.2 | B103: Substituto na Intrajornada | D103: Percentual (%) | E103: Valor (R$) | F103: Valor (R$) | G103: Valor (R$) | H103: Valor (R$) | I103: Valor (R$) | J103: Valor (R$)
A104: A | B104: Substituto na cobertura de Intervalo para repouso ou alimentação
A105: Total | E105: =SUM(E104) -> 0 | F105: =SUM(F104) -> 0 | G105: =SUM(G104) -> 0 | H105: =SUM(H104) -> 0 | I105: =SUM(I104) -> 0 | J105: =SUM(J104) -> 0
A108: Quadro-Resumo do Módulo 4 - Custo de Reposição do Profissional Ausente
A110: 4 | B110: Custo de Reposição do Profissional Ausente | E110: Valor (R$) | F110: Valor (R$) | G110: Valor (R$) | H110: Valor (R$) | I110: Valor (R$) | J110: Valor (R$)
A111: 4.1 | B111: Substituto nas Ausências Legais | E111: =+E98 -> 33.3 | F111: =+F98 -> 33.3 | G111: =+G98 -> 40.7 | H111: =+H98 -> 57.72 | I111: =+I98 -> 62.9 | J111: =+J98 -> 86.58
A112: 4.2 | B112: Substituto na Intrajornada | E112: =+E105 -> 0 | F112: =+F105 -> 0 | G112: =+G105 -> 0 | H112: =+H105 -> 0 | I112: =+I105 -> 0 | J112: =+J105 -> 0
A113: Total | E113: =SUM(E111:E112) -> 33.3 | F113: =SUM(F111:F112) -> 33.3 | G113: =SUM(G111:G112) -> 40.7 | H113: =SUM(H111:H112) -> 57.72 | I113: =SUM(I111:I112) -> 62.9 | J113: =SUM(J111:J112) -> 86.58
A116: Módulo 5 - Insumos Diversos
A118: 5 | B118: Insumos Diversos | E118: Valor (R$) | F118: Valor (R$) | G118: Valor (R$) | H118: Valor (R$) | I118: Valor (R$) | J118: Valor (R$)
A119: A | B119: Uniformes e EPIS | E119: ='EPI''s'!F15 -> 1.55 | F119: ='EPI''s'!F13 -> 37.208333 | G119: ='EPI''s'!F15 -> 1.55 | H119: ='EPI''s'!F15 -> 1.55 | I119: ='EPI''s'!F15 -> 1.55 | J119: ='EPI''s'!F15 -> 1.55
A120: E | B120: Outros (especificar)
A121: Total | E121: =SUM(E119:E120) -> 1.55 | F121: =SUM(F119:F120) -> 37.208333 | G121: =SUM(G119:G120) -> 1.55 | H121: =SUM(H119:H120) -> 1.55 | I121: =SUM(I119:I120) -> 1.55 | J121: =SUM(J119:J120) -> 1.55
A124: Módulo 6 - Custos Indiretos, Tributos e Lucro
A126: 6 | B126: Custos Indiretos, Tributos e Lucro | D126: Percentual (%) | E126: Valor (R$) | F126: Valor (R$) | G126: Valor (R$) | H126: Valor (R$) | I126: Valor (R$) | J126: Valor (R$)
A127: A | B127: Custos Indiretos | D127: 0.03 | E127: =+E143*$D$127 -> 267.2035 | F127: =+F143*$D$127 -> 268.27325 | G127: =+G143*$D$127 -> 316.22006 | H127: =+H143*$D$127 -> 430.39817 | I127: =+I143*$D$127 -> 465.96977 | J127: =+J143*$D$127 -> 628.58279
A128: B | B128: Lucro | D128: 0.0679 | E128: =+SUM(E143+E127)*$D$128 -> 622.9137 | F128: =+SUM(F143+F127)*$D$128 -> 625.40753 | G128: =+SUM(G143+G127)*$D$128 -> 737.18275 | H128: =+SUM(H143+H127)*$D$128 -> 1003.3586 | I128: =+SUM(I143+I127)*$D$128 -> 1086.2843 | J128: =+SUM(J143+J127)*$D$128 -> 1465.3731
A129: C | B129: Tributos | D129: =SUM(D130:D132) -> 0.1425 | E129: =+E145*$D$129 -> 1628.0563 | F129: =+F145*$D$129 -> 1634.5743 | G129: =+G145*$D$129 -> 1926.7116 | H129: =+H145*$D$129 -> 2622.3926 | I129: =+I145*$D$129 -> 2839.1284 | J129: =+J145*$D$129 -> 3829.9206
B130: C.1. PIS | D130: 0.0165
B131: C.2. COFINS | D131: 0.076
B132: C.3. ISS | D132: 0.05
A133: Total | D133: =+D129+D128+D127 -> 0.2404 | E133: =+E127+E128+E129 -> 2518.1735 | F133: =+F127+F128+F129 -> 2528.255 | G133: =+G127+G128+G129 -> 2980.1144 | H133: =+H127+H128+H129 -> 4056.1493 | I133: =+I127+I128+I129 -> 4391.3824 | J133: =+J127+J128+J129 -> 5923.8766
A135: 2. QUADRO-RESUMO DO CUSTO POR EMPREGADO
B137: Mão de obra vinculada à execução contratual (valor por empregado) | E137: Valor (R$) | F137: Valor (R$) | G137: Valor (R$) | H137: Valor (R$) | I137: Valor (R$) | J137: Valor (R$)
A138: A | B138: Módulo 1 - Composição da Remuneração | E138: =+E27 -> 4500 | F138: =+F27 -> 4500 | G138: =+G27 -> 5500 | H138: =+H27 -> 7800 | I138: =+I27 -> 8500 | J138: =+J27 -> 11700
...

Sheet BENEFÍCIOS 
A1: PLANILHA AUXILIAR DE CUSTOS - VT
A3: ORDEM | B3: POSTOS | C3: QUANTIDADE (A) | E3: SALÁRIO BASE | F3: DESCONTO PROFISSIONAL (Bx6%) | G3: VALOR DA TARIFA | H3: QUANTIDADE DE PASSAGEM DIÁRIA | I3: DIAS TRABALHADOS (F) | J3: CUSTO MENSAL DA TARIFA (DxExF) | K3: CUSTO POR PROFISSIONAL (G - C) | L3: CUSTO MENSAL TOTAL (H x A)
C4: (A) | E4: (B) | F4: ( C ) | G4: (D) | H4: (E) | I4: (F) | J4: (G) | K4: (H) | L4: (I)
A5: 1 | B5: =MdO!B149 -> Assistente de Informação e Comunicação | C5: =MdO!D149 -> 27 | E5: =MdO!C149 -> 4500 | F5: =E5*6% -> 270 | G5: 5 | H5: 4 | I5: 21 | J5: =((G5*H5)*I5) -> 420 | K5: =J5-F5 -> 150 | L5: =K5*C5 -> 4050
A6: 2 | B6: =MdO!B150 -> Assistente de Restauração de Livros e Documentos | C6: =MdO!D150 -> 11 | E6: =MdO!C150 -> 4500 | F6: =E6*6% -> 270 | G6: 5 | H6: 4 | I6: 21 | J6: =((G6*H6)*I6) -> 420 | K6: =J6-F6 -> 150 | L6: =K6*C6 -> 1650
A7: 3 | B7: =MdO!B151 -> Analista de Informação e Comunicação | C7: =MdO!D151 -> 35 | E7: =MdO!C151 -> 5500 | F7: =E7*6% -> 330 | G7: 5 | H7: 4 | I7: 21 | J7: =((G7*H7)*I7) -> 420 | K7: =J7-F7 -> 90 | L7: =K7*C7 -> 3150
A8: 4 | B8: =MdO!B152 -> Analista de Gestão da Informação e Comunicação | C8: =MdO!D152 -> 30 | E8: =MdO!C152 -> 7800 | F8: =E8*6% -> 468 | G8: 5 | H8: 4 | I8: 21 | J8: =((G8*H8)*I8) -> 420 | K8: =((G8*H8)*I8)-J8 -> 0 | L8: =K8*C8 -> 0
A9: 5 | B9: =MdO!B153 -> Analista Técnico-Administrativo de Informação e Comunicação | C9: =MdO!D153 -> 9 | E9: =MdO!C153 -> 8500 | F9: =E9*6% -> 510 | G9: 5 | H9: 4 | I9: 21 | J9: =((G9*H9)*I9) -> 420 | K9: =((G9*H9)*I9)-J9 -> 0 | L9: =K9*C9 -> 0
A10: 6 | B10: =MdO!B154 -> Especialista Técnico-Administrativo de Informação e Comunicação | C10: =MdO!D154 -> 2 | E10: =MdO!C154 -> 11700 | F10: =E10*6% -> 702 | G10: 5 | H10: 4 | I10: 21 | J10: =((G10*H10)*I10) -> 420 | K10: =((G10*H10)*I10)-J10 -> 0 | L10: =K10*C10 -> 0
A11: O licitante deverá apresentar memória de cálculo para os percentuais que forem adotados.
C12: =SUM(C5:C10) -> 114
A14: PLANILHA AUXILIAR DE CUSTOS - VA
A16: ORDEM | B16: POSTOS | C16: QUANTIDADE | E16: VALOR DO BENEFÍCIO | F16: DIAS TRABALHADOS | G16: CUSTO MENSAL (B x C) | H16: VALOR DA PARTICIPAÇÃO DO PROFISSINAL (D x 10%) | I16: CUSTO POR PROFISSIONAL (D - E) | J16: CUSTO MENSAL TOTAL POR FUNÇÃO (F x A)
C17: (A) | E17: (B) | F17: ( C ) | G17: (D) | H17: (E) | I17: (F) | J17: (G)
A18: 1 | B18: =B5 -> Assistente de Informação e Comunicação | C18: =MdO!D149 -> 27 | E18: 35 | F18: 21 | G18: =E18*F18 -> 735 | H18: =G18*1% -> 7.35 | I18: =G18-H18 -> 727.65 | J18: =I18*C18 -> 19646.55
A19: 2 | B19: =MdO!B150 -> Assistente de Restauração de Livros e Documentos | C19: =MdO!D150 -> 11 | E19: 35 | F19: 21 | G19: =E19*F19 -> 735 | H19: =G19*1% -> 7.35 | I19: =G19-H19 -> 727.65 | J19: =I19*C19 -> 8004.15
A20: 3 | B20: =MdO!B151 -> Analista de Informação e Comunicação | C20: =MdO!D151 -> 35 | E20: 35 | F20: 21 | G20: =E20*F20 -> 735 | H20: =G20*1% -> 7.35 | I20: =G20-H20 -> 727.65 | J20: =I20*C20 -> 25467.75
A21: 4 | B21: =MdO!B152 -> Analista de Gestão da Informação e Comunicação | C21: =MdO!D152 -> 30 | E21: 35 | F21: 21 | G21: =E21*F21 -> 735 | H21: =G21*1% -> 7.35 | I21: =G21-H21 -> 727.65 | J21: =I21*C21 -> 21829.5
A22: 5 | B22: =MdO!B153 -> Analista Técnico-Administrativo de Informação e Comunicação | C22: =MdO!D153 -> 9 | E22: 35 | F22: 21 | G22: =E22*F22 -> 735 | H22: =G22*1% -> 7.35 | I22: =G22-H22 -> 727.65 | J22: =I22*C22 -> 6548.85
A23: 6 | B23: =MdO!B154 -> Especialista Técnico-Administrativo de Informação e Comunicação | C23: =MdO!D154 -> 2 | E23: 35 | F23: 21 | G23: =E23*F23 -> 735 | H23: =G23*1% -> 7.35 | I23: =G23-H23 -> 727.65 | J23: =I23*C23 -> 1455.3
A24: TOTAL | J24: =SUM(J18:J23) -> 82952.1
C25: =SUM(C18:C23) -> 114
A27: PLANILHA AUXILIAR DE CUSTOS - REEMBOLSO-CRECHE
A29: ORDEM | B29: POSTOS | C29: QUANTIDADE | E29: VALOR DO BENEFÍCIO | F29: PERCENTUAL DE INCIDÊNCIA | G29: CUSTO MENSAL POR POSTO (B x C) | H29: CUSTO MENSAL TOTAL POR FUNÇÃO (E x A) | I29: QUANT. BENEFICIADOS | J29: CUSTO MENSAL EFETIVO (F x B)
C30: (A) | E30: (B) | F30: ( C ) | G30: (D) | H30: (E) | I30: (F) | J30: (G)
A31: 1 | B31: =B5 -> Assistente de Informação e Comunicação | C31: =C5 -> 27 | E31: =MdO!D64 -> 526.64 | F31: 0.2 | G31: =E31*F31 -> 105.328 | H31: =G31*C31 -> 2843.856 | J31: =I31*E31 -> 0
A32: 2 | B32: =B6 -> Assistente de Restauração de Livros e Documentos | C32: =C6 -> 11 | E32: =MdO!D64 -> 526.64 | F32: 0.2 | G32: =E32*F32 -> 105.328 | H32: =G32*C32 -> 1158.608 | J32: =I32*E32 -> 0
A33: 3 | B33: =B7 -> Analista de Informação e Comunicação | C33: =C7 -> 35 | E33: =MdO!D64 -> 526.64 | F33: 0.2 | G33: =E33*F33 -> 105.328 | H33: =G33*C33 -> 3686.48 | J33: =I33*E33 -> 0
A34: 4 | B34: =B8 -> Analista de Gestão da Informação e Comunicação | C34: =C8 -> 30 | E34: =MdO!D64 -> 526.64 | F34: 0.2 | G34: =E34*F34 -> 105.328 | H34: =G34*C34 -> 3159.84 | J34: =I34*E34 -> 0
A35: 5 | B35: =B9 -> Analista Técnico-Administrativo de Informação e Comunicação | C35: =C9 -> 9 | E35: =MdO!D64 -> 526.64 | F35: 0.2 | G35: =E35*F35 -> 105.328 | H35: =G35*C35 -> 947.952 | J35: =I35*E35 -> 0
A36: 6 | B36: =B10 -> Especialista Técnico-Administrativo de Informação e Comunicação | C36: =C10 -> 2 | E36: =MdO!D64 -> 526.64 | F36: 0.2 | G36: =E36*F36 -> 105.328 | H36: =G36*C36 -> 210.656 | J36: =I36*G36 -> 0
A37: TOTAL | H37: =SUM(H31:H36) -> 12007.392 | I37: =SUM(I31:I36) -> 0 | J37: =SUM(J31:J36) -> 0
B38: CUSTOS INDIRETOS | C38: =MdO!D127 -> 0.03 | H38: =H37*C38 -> 360.22176 | J38: =J37*C38 -> 0
B39: LUCRO | C39: =MdO!D128 -> 0.0679 | H39: =H37*C39 -> 815.30192 | J39: =J37*C39 -> 0
B40: TRIBUTOS | C40: =MdO!D129 -> 0.1425 | H40: =H37*C40 -> 1711.0534 | J40: =J37*C40 -> 0
B41: VALOR PROVISIONADO MENSALMENTE E VALOR EFETIVAMENTE EMPREGADO PARA O BENEFÍCIO | H41: =SUM(H37:H40) -> 14893.969 | J41: =SUM(J37:J40) -> 0
B42: A DIFERENÇA NÃO SERÁ REPASSADA PARA A EMPRESA, A DIFERENÇA ENTRE O CUSTO MENSAL PROVISIONADO E O CUSTO EFETIVO + CITL (*CITL – Custos Indiretos, Tributos e Lucro), NÃO MEDIDOS NO MÊS FICARÃO NO SALDO DO CONTRATO OU LIBERADOS PARA OUTROS FINS. | J42: =H41-J41 -> 14893.969
A44: INSTRUÇÃO NORMATIVA SEGES/MGI Nº 147, DE 13 DE ABRIL DE 2026 Conforme disposto na referida Instrução Normativa, a provisão deve considerar o percentual de incidência de 20%. A presente tabela tem como objetivo facilitar a gestão do benefício, permitindo que, quando ativado, sejam lançados os quantitativos reais. Dessa forma, serão calculados automaticamente os valores a serem reembolsados e aqueles que permanecerão no saldo contratual. Ressalta-se que o valor a ser reembolsado mensalmente a cada trabalhador ou trabalhadora que atenda às regras estabelecidas é de R$ 526,64.

Sheet EPI's
A1: EPI's
A3: POSTOS | B3: DESCRIÇÃO | C3: QUANTIDADE | E3: VALOR UNIT. | F3: VALOR MENSAL
A8: =MdO!B150 -> Assistente de Restauração de Livros e Documentos | B8: Luvas nitrílicas sem pó - TAMANHO M - Caixa com 100 pares | C8: 4 | E8: 31.6 | F8: =E8*C8 -> 126.4
B9: Luvas nitrílicas sem pó - TAMANHO G - Caixa com 100 pares | C9: 4 | E9: 31.6 | F9: =E9*C9 -> 126.4
B10: Avental de TNT Descartável ANVISA Manga Longa 40gr - Pacote com 10 unidades | C10: 4 | E10: 41.35 | F10: =E10*C10 -> 165.4
B11: Touca de TNT Descartável Plissada - Pacote com 100 unidades | C11: 2 | E11: 12.6 | F11: =E11*C11 -> 25.2
B12: Crachá em PVC com cordão silk da empresa | C12: 1 | E12: 18.6 | F12: =(E12*C12)/6 -> 3.1
B13: TOTAL | F13: =SUM(F8:F12)/12 -> 37.208333
A14: DEMAIS POSTOS | B14: Crachá em PVC com cordão silk da empresa | C14: 1 | E14: 18.6 | F14: =E14*C14 -> 18.6
B15: TOTAL | F15: =SUM(F14:F14)/12 -> 1.55
A16: No que se refere ao reajuste stricto sensu insidirá o IPCA, respeitada a anualidade da proposta. O crachá deverá ser confeccionado em PVC, com foto e identificação de que o colaborador está a serviço do Instituto de Comunicação e Informação Científica e Tecnológica em Saúde - FIOCRUZ. O cordão Silk deverá ser de qualidade e possuir o logo da empresa. Os EPIS deverão ser ajustados de acordo com as necessidades de cada colaborador.

Sheet  Notas
A1: NOTAS
A3: Módulo 1 - Composição da Remuneração
A4: ITEM | C4: % | D4: CÁLCULO | G4: CONSIDERAÇÕES E FUNDAMENTAÇÕES
A6: Salário Base | G6: Os salários foram estipulados com base no histórico já praticado neste Instituto, visando garantir uma justa remuneração conforme a complexidade das atividades desempenhadas. A metodologia está de acordo com a jurisprudência, e os valores são o mínimo aceitável.
A7: Adicional de Insalubridade
A8: Adicional Noturno
A9: Adicional de Hora Noturna Reduzida
A14: Módulo 2 - Encargos e Benefícios Anuais, Mensais e Diários
A15: Submódulo 2.1 - 13º (décimo terceiro) Salário, Férias e Adicional de Férias
A16: 13º (décimo terceiro) Salário | C16: 0.0833 | D16: 8,33%*Múdulo 1 | G16: Art. 1º, caput e parágrafo único do Decreto n° 57.155/1965; Provisionamento mensal: 8,33% que corresponde a 1 ÷ 12 = 8,3333.
A17: Férias e Adicional de Férias | C17: 0.121 | D17: 12,10%*Módulo 1 | G17: O percentual de 12,10% leva em consideração a opção de utilizar a Conta-Depósito Vinculada ― bloqueada para movimentação durante a execução.
A18: Incidência do Submódulo 2.2 sobre 13º Salário e Adicional de Férias | C18: 0.0752
A20: Submódulo 2.2 - Encargos Previdenciários (GPS), Fundo de Garantia por Tempo de Serviço (FGTS) e outras contribuições.
A21: INSS | C21: 0.2 | G21: Para efeito do SAT o licitante deverá preencher conforme relatório SEFIP/GFIP da empresa.
A22: Salário Educação | C22: 0.025
A23: SAT
A24: SESC ou SESI | C24: 0.015
A25: SENAI - SENAC | C25: 0.01
A26: SEBRAE | C26: 0.006
A27: INCRA | C27: 0.002
A28: FGTS | C28: 0.08
A29: Total | C29: =SUM(C21:C28) -> 0.338
A30: Submódulo 2.3 - Benefícios Mensais e Diários.
A31: Vale Transporte | C31: 5 | D31: (VT*4*21)-(SB*6%) | G31: O cálculo deverá ser de 21 dias. Para efeito do desconto sobre o VA, o valor será no mínimo de R$35,00 por dia e o desconto será de 1%, conforme CCT de referência. Benefício indiretos no valor de R$ 299,77.
A32: Auxílio-Refeição/Alimentação | C32: 35 | D32: (VA*21)-(1% )
A33: Benefícios indiretos | C33: 299.77 | D33: -
A34: =MdO!B64 -> Reembolso-Creche (Incidência de 20%) | C34: =MdO!D64 -> 526.64
A35: Módulo 3 - Provisão para Rescisão
A36: Aviso Prévio Indenizado | C36: 0.0042 | D36: Percentual*Total do módulo 1 | G36: O licitante deverá apresentar memória de cálculo para os percentuais que forem adotados. O percentual relativo ao Aviso Prévio Trabalhado não será considerado custo renovável, após a anualidade, passará a 0,194% conforme Acórdão 1186/2017 do Plenário do Tribunal de Contas da União.
A37: Incidência do FGTS sobre o Aviso Prévio Indenizado | C37: =C28*C36 -> 0.000336
A38: Multa do FGTS e contribuição social sobre o Aviso Prévio Indenizado | C38: =MdO!D81 -> 0.000168
A39: Aviso Prévio Trabalhado | C39: 0.0194
A40: Incidência dos encargos do submódulo 2.2 sobre o Aviso Prévio Trabalhado | C40: =C29*C39 -> 0.0065572
A41: Multa do FGTS e contribuição social sobre o Aviso Prévio Trabalhado | C41: =MdO!D84 -> 0.00776
A45: Módulo 4 - Custo de Reposição do Profissional Ausente
A46: Submódulo 4.1 - Substituto nas Ausências Legais
A47: Substituto na cobertura de Férias | C47: =MdO!D93 -> 0 | G47: Não há previsão editalícia de cobertura de férias e ausências legais, motivo pelo qual deve permanecer em branco.
A48: Substituto na cobertura de Ausências Legais | C48: =MdO!D94 -> 0.0028
A49: Substituto na cobertura de Licença-Paternidade | C49: =MdO!D95 -> 0.0002
A50: Substituto na cobertura de Ausência por acidente de trabalho | C50: =MdO!D96 -> 0.0042
A51: Substituto na cobertura de Afastamento Maternidade | C51: =MdO!D97 -> 0.0002
A54: Módulo 5 - Insumos Diversos
A55: Uniformes e EPIS | G55: Deverá preencher a aba específica da planilha com os valores unitários
A56: Outros (especificar)
A59: Módulo 6 - Custos Indiretos, Tributos e Lucro
A60: Custos Indiretos | G60: Para os tributos (COFINS, PIS E ISS) o licitante deve elaborar sua proposta e, por conseguinte, sua planilha com base no regime de tributação ao qual estará submetido durante a execução do contrato. No que se refe aos Custos Indiretos e Lucro, a empresa deverá editar conforme a sua realidade. Todavia, deve-se observar o Acórdão n. 408/2019 – TCU – Plenário, acerca da limitação destes percentuais.
A61: Lucro
A62: Tributos:
A63: C.1. PIS
A64: C.2. COFINS
A65: C.3. ISS
A69: A Presente aba foi elaborada para que o Licitante possa dispor de considerações, metodologias de cálculo, jurisprudência e legislações aplicáveis aos módulos, deve ser alterado pelo licitante. Vale Transporte - LEI No 7.418, DE 16 DE DEZEMBRO DE 1985
